 Dungeon Crawl Stone Soup version 0.31.0-12-g77e489cdc1 (webtiles) character file.

Game seed: 11551895785264674662

16 ChadusMaximus the Caller (level 2, -2/19 HPs)
             Began as a Barachi Summoner on Mar 3, 2024.
             Slain by a frilled lizard (3 damage)
             ... on level 1 of the Dungeon.
             The game lasted 00:00:40 (342 turns).

ChadusMaximus the Caller (Barachi Summoner)          Turns: 342, Time: 00:00:41

Health: -2/19      AC:  2    Str:  9    XL:     2   Next: 58%
Magic:  5/5        EV: 12    Int: 15    God:
Gold:   0          SH:  0    Dex: 12    Spells: 5/6 levels left

rFire   . . .        c - +0 short sword
rCold   . . .        (no shield)
rNeg    . . .        a - +0 robe
rPois   .            (no helmet)
rElec   .            (no cloak)
rCorr   .            (no gloves)
SInv    .            (no boots)
Will    .....        (no amulet)
Stlth   ++           (no ring)
HPRegen 0.23/turn    (no ring)
MPRegen 0.09/turn

%: no passive effects
@: slow
A: amphibious, slowness 1, strong legs 1, +LOS
a: Hop


You were on level 1 of the Dungeon.
You visited 1 branch of the dungeon, and saw 1 of its levels.

Inventory:

Hand Weapons
 c - a +0 short sword (weapon)
Armour
 a - a +0 robe (worn)
Scrolls
 d - a scroll of noise {unknown}
Potions
 b - a potion of magic
 e - a potion of curing {unknown}


   Skills:
 - Level 2.4 Dodging
 - Level 2.0 Stealth
 + Level 2.5 Spellcasting
 * Level 5.2 Summonings


You had 5 spell levels left.
You knew the following spells:

 Your Spells              Type           Power      Damage    Failure   Level
a - Summon Small Mammal   Summ           68%        N/A       2%          1

Your spell library contained the following spells:

 Spells                   Type           Power      Damage    Failure   Level
 Call Imp                 Summ           34%        N/A       3%          2
 Call Canine Familiar     Summ           17%        N/A       8%          3
 Summon Blazeheart Golem  Fire/Summ      9%         N/A       58%         4
 Summon Lightning Spire   Summ/Air       9%         N/A       58%         4


Dungeon Overview and Level Annotations

Branches:
Dungeon (1/15)

Altars:


Innate Abilities, Weirdness & Mutations

You are amphibious.
You cover ground slowly.
You can hop short distances.
You have an extended range of vision and can be seen from far away.


Message History

Unknown command.
You barely miss the quokka.
The quokka is almost dead.
The frilled lizard misses your quokka. The quokka closely misses you.
You hit the quokka but do no damage. Your punch misses the quokka.
The quokka is almost dead.
The quokka misses you.
The frilled lizard barely misses your quokka.
You barely miss the quokka.
The quokka is almost dead.
The quokka closely misses you.
The frilled lizard closely misses your quokka.
The quokka misses you.
You barely miss the quokka.
The quokka is almost dead.
The frilled lizard barely misses your quokka.
The quokka closely misses you.
You barely miss the quokka.
The quokka is almost dead.
The frilled lizard bites your quokka. The quokka bites you.
You closely miss the quokka.
The quokka is almost dead.
The frilled lizard completely misses your quokka.
The quokka bites you.
You closely miss the quokka.
The quokka is almost dead.
The quokka closely misses you.
The frilled lizard hisses.
The frilled lizard barely misses your quokka.
You closely miss the quokka.
The quokka is almost dead.
The quokka bites you.
* * * LOW HITPOINT WARNING * * *
The frilled lizard barely misses your quokka.
The quokka bites you.
* * * LOW HITPOINT WARNING * * *
You swap places.
Your quokka bites the quokka.
The quokka dies!
The frilled lizard bites you.
You die...

#.#.#.###.. ##.##..#.#.#
## #.††.##.##.# .#
#.##.##....# ..
#.#[#..##.#########.###
..###.#)#.............
......###..######...
.####.....#### #.l# ..#
###......# #@# #.#
##.....###r#
#.######.....##.†#
#......'.....#.:#....r..
#.######.....#.##.######
#.# #..........# .# #.#
#...#'#..### .#
#.#######.#..# .#
#.....)...#..## .#


You could see a frilled lizard and a friendly quokka (summoned).

Vanquished Creatures
  An endoplasm (D:1)
  A giant cockroach (D:1)
  A goblin (D:1)
  A hobgoblin (D:1)
  2 kobolds (D:1)
  A rat (D:1)
7 creatures vanquished.

Vanquished Creatures (collateral kills)
  2 endoplasms (D:1)
  2 hobgoblins (D:1)
  A jackal (D:1)
  A quokka (D:1)
  A bat (D:1)
  A kobold (D:1)
8 creatures vanquished.

Grand Total: 15 creatures vanquished

Notes
Turn   | Place    | Note
-------+----------+-------------------------------------------
     0 | D:1      | ChadusMaximus the Barachi Summoner began the quest for the
                  | Orb.
     0 | D:1      | Reached XP level 1. HP: 13/13 MP: 3/3
   118 | D:1      | Reached XP level 2. HP: 7/19 MP: 0/5
   129 | D:1      | Reached skill level 5 in Summonings
   342 | D:1      | Slain by a frilled lizard

Illustrated notes

Levels and vault maps discovered:
D:1:      shiori_arrival_elements, layout_basic, chequers_serial_rivers_room_b,
          chequers_decorated_corner, kennysheep_crisscross, st_stairs_8,
          minmay_heptomino_o4

Skill      XL: |  1  2 |
---------------+-------+-----
Stealth        | 2 |  2.0
Summonings     | 5 |  5.2
Dodging        | |  2.4
Spellcasting   | |  2.5

Action                     || total
---------------------------++-------
  Melee: Unarmed           ||     2
         Short sword       ||    51
   Cast: Summon Small Mamm ||    12
 Armour: Robe              ||    32
  Dodge: Dodged            ||    37
